 Dungeon Crawl Stone Soup version 0.26-a0-1205-g4083c211ab (webtiles) character file.

Game seed: 7497817000674523288

466 sahdkjhfkaj the Cutter (level 6, -11/47 HPs)
             Began as a Mummy Fighter on Dec 29, 2020.
             Mangled by an orc warrior
             ... wielding a +0 trident
              (15 damage)
             ... on level 7 of the Dungeon.
             The game lasted 00:07:13 (4404 turns).

sahdkjhfkaj the Cutter (Mummy Fighter)              Turns: 4404, Time: 00:07:14

Health: -11/47     AC:  8    Str: 21    XL:     6   Next: 81%
Magic:  6/6        EV:  5    Int: 13    God:
Gold:   211        SH:  9    Dex: 12    Spells: 5/5 levels left

rFire    x . .     SeeInvis .   a - +0 long sword
rCold    + . .     Faith    .   c - +0 kite shield
rNeg     + + +     Spirit   .   e - +0 chain mail
rPois    ∞         Reflect  .   (no helmet)
rElec    .         Harm     .   (no cloak)
rCorr    .         Rampage  .   (no gloves)
Will     .....                  (no boots)
Stlth    ..........             (no amulet)
HPRegen  0.15/turn              h - +6 ring of intelligence
MPRegen  0.10/turn              (no ring)

@: no status effects
A: no potions, fire vulnerability, cold resistance 1, negative energy resistance
3, torment resistance, unbreathing
a: no special abilities


You were on level 7 of the Dungeon.
You visited 1 branch of the dungeon, and saw 5 of its levels.

You collected 211 gold pieces.

Inventory:

Hand Weapons
 a - a +0 long sword (weapon)
Armour
 c - a +0 kite shield (worn)
 e - a +0 chain mail (worn)
Jewellery
 h - a +6 ring of intelligence (left hand)
 i - an uncursed ring of ice
Scrolls
 b - a scroll of teleportation {!r}
 d - 2 scrolls of remove curse
 g - 2 scrolls of immolation


   Skills:
 - Level 3.0 Fighting
 + Level 5.2(5.6) Short Blades
 - Level 3.0(4.5) Long Blades
 - Level 2.4 Armour
 - Level 2.4 Shields


You had 5 spell levels left.
You didn't know any spells.
Your spell library contained the following spells:

 Spells                   Type           Power        Failure   Level
 Animate Skeleton         Necr           0%           100%        1
 Apportation              Tloc           0%           100%        1
 Corona                   Hex            0%           100%        1
 Summon Small Mammal      Summ           0%           100%        1


Dungeon Overview and Level Annotations

Branches:
Dungeon (4/15)
 Temple: D:4-7

Altars:
Okawaru


Innate Abilities, Weirdness & Mutations

You do not drink.
Your flesh is vulnerable to fire.
You are immune to poison.
Your flesh is cold resistant. (rC+)
You are immune to negative energy. (rN+++)
You are immune to unholy pain and torment.
You can survive without breathing.


Message History

The centaur shouts!
You hit the bullfrog.
The bullfrog is lightly wounded.
The centaur wields a +0 shortbow.
The centaur shoots an arrow.
The arrow hits you.
* * * LOW HITPOINT WARNING * * *
The bullfrog hits you but does no damage.
You block the orc wizard's attack.
The centaur shoots an arrow.
The arrow hits you!
* * * LOW HITPOINT WARNING * * *
Found 8 gold pieces.
You see here 2 arrows.
Unknown command.
As you read the scroll labelled MIZOTT REUBBIE, it crumbles to dust.
It is a scroll of amnesia.
You feel forgetful for a moment.
The bullfrog hits you but does no damage.
The orc wizard hits you but does no damage.
The orc warrior hits you from afar with a +0 trident!
You die...

..#......##
#.........#
##..c......$
##...........
#............
#............
#.......$.....
#...F@........
##..o.........
##..o........
##..........
##.........
#...$....#
#..##...# #..#
#### #..#


You could see an orc warrior, a bullfrog, a centaur and an orc wizard (fast).

Vanquished Creatures
  Grinder (D:3)
  An orc priest (D:2)
  Ijyb (D:3)
  Terence (D:3)
  An iguana (D:4)
  An orc wizard (D:3)
  3 adders
  A river rat (D:3)
  A white imp (D:2)
  3 oozes
  An adder skeleton (D:4)
  3 worms
  A leopard gecko (D:3)
  11 orcs
  4 giant cockroaches
  11 goblins
  6 hobgoblins
  5 kobolds
  2 quokkas
  4 ball pythons
  6 bats
  2 frilled lizards (D:2)
  8 rats
78 creatures vanquished.

Notes
Turn   | Place    | Note
-------+----------+-------------------------------------------
     0 | D:1      | sahdkjhfkaj the Mummy Fighter began the quest for the Orb.
     0 | D:1      | Reached XP level 1. HP: 18/18 MP: 1/1
   164 | D:1      | Reached XP level 2. HP: 24/24 MP: 2/2
   689 | D:2      | Reached XP level 3. HP: 29/29 MP: 3/3
   885 | D:2      | Found a faded altar of an unknown god.
   907 | D:2      | Reached skill level 1 in Short Blades
  1314 | D:2      | Reached XP level 4. HP: 30/35 MP: 4/4
  1788 | D:3      | Noticed Ijyb
  1789 | D:3      | Reached skill level 2 in Short Blades
  1892 | D:3      | Killed Ijyb
  1893 | D:3      | Reached XP level 5. HP: 6/41 MP: 5/5
  2220 | D:3      | Noticed Terence
  2233 | D:3      | Killed Terence
  2234 | D:3      | Reached skill level 3 in Short Blades
  2396 | D:3      | Upgraded the game from 0.26-a0-1191-ge2a0e31ab3 to
                  | 0.26-a0-1205-g4083c211ab
  3193 | D:3      | Noticed Grinder
  3214 | D:3      | Paralysed by Grinder for 7 turns
  3223 | D:3      | Paralysed by Grinder for 5 turns
  3242 | D:3      | Killed Grinder
  3243 | D:3      | Reached skill level 5 in Short Blades
  3243 | D:3      | Reached XP level 6. HP: 9/47 MP: 6/6
  3627 | D:3      | Found an iron altar of Okawaru.
  4374 | D:4      | You fall into a shaft and drop 3 floors!
  4378 | D:7      | Noticed an orc warrior
  4404 | D:7      | Mangled by an orc warrior

Illustrated notes

Levels and vault maps discovered:
D:1:      minmay_arrival_diagonal_passages, layout_basic
D:2:      layout_basic, chequers_ecumenical_altar_simple_redux, minmay_domino_4
D:3:      layout_basic, marbit_many_paths, serial_forest,
          infiniplex_forest_end_3, infiniplex_forest_lined_room_2,
          infiniplex_forest_zigzag_1, infiniplex_forest_split,
          infiniplex_forest_clump_tiny, infiniplex_forest_end_2,
          portal_sewer_entry_b, minmay_misc_feat_hallway,
          hangedman_decor_points, uniq_terence, uniq_grinder, uniq_ijyb
D:4:      layout_basic, minmay_temple_entry_sparse_star
D:7:      layout_cave_pods, gammafunk_temple_overflow_wave, uniq_prince_ribbit1,
          uniq_pikel, uniq_duvessa

Skill      XL: |  1  2  3  4  5 |
---------------+----------------+-----
Long Blades    | 2 3 |  3.0
Short Blades   | 1 2 5 |  5.2
Fighting       | |  3.0
Armour         | |  2.4
Shields        | |  2.4

Action                   |  1- 3 |  4- 6 || total
-------------------------+-------+-------++-------
Melee: Long sword        |   121 |   179 ||   300
Throw: Throwing net      |       |     1 ||     1
  Use: Scroll            |     2 |     5 ||     7
 Stab: Held in net/web   |       |     1 ||     1
Armor: Scale mail        |    58 |     7 ||    65
       Chain mail        |       |   111 ||   111
Dodge: Dodged            |    33 |    49 ||    82
Block: Kite shield       |    59 |   112 ||   171
       Rpst.: Long sword |     8 |    15 ||    23

Table legend: (Time is in decaauts)
 A = Elapsed time spent in this place.
 B = Non-inter-level travel time spent in this place.
 C = Inter-level travel time spent in this place.
 D = Time resting spent in this place.
 E = Time spent auto-exploring this place.
 F = Levels seen in this place.
 G = Mean time per level.
                   A        B        C        D        E       F      G
               +--------+--------+--------+--------+--------+-----+--------+
         Total |   4499 |   4429 |     70 |    741 |   2773 |   5 |  899.8 |
       Dungeon |   4499 |   4429 |     70 |    741 |   2773 |   5 |  899.8 |
               +--------+--------+--------+--------+--------+-----+--------+

Top non-repeatable levels by time:
     D:3: 2267 daAuts
     D:2: 1383 daAuts
     D:1: 567 daAuts
     D:4: 250 daAuts
     D:7: 30 daAuts
